 Dungeon Crawl Stone Soup version 0.20.0-15-g7f486f2 (webtiles) character file.

9791 polve the Carver (level 11, 0/56 HPs)
             Began as a Vine Stalker Fighter on June 30, 2017.
             Was an Elder of Hepliaklqana.
             Killed by divine providence
             ... invoked by an orc priest
              (13 damage)
             ... on level 10 of the Dungeon.
             The game lasted 00:16:14 (8554 turns).

polve the Carver (Vine Stalker Fighter)             Turns: 8554, Time: 00:16:15

Health: 0/56       AC: 10    Str: 18    XL:     11   Next: 52%
Magic:  0/16       EV:  6    Int: 17    God:    Hepliaklqana [****..]
Gold:   569        SH: 13    Dex: 18    Spells: 7/15 levels left

rFire    . . .     SeeInvis .   a - +0 long sword
rCold    . . .     Gourm    .   c - +0 shield
rNeg     . . .     Faith    .   R - +1 scale mail of Bad Feelings {MR++ Int+3 Stlth+}
rPois    +         Spirit   +   (no helmet)
rElec    .         Reflect  .   y - +1 cloak {MR+}
rCorr    .         Harm     .   e - +0 pair of gloves
MR       ++++.     Clarity  +   (no boots)
Stlth    +.........             G - amulet of rage
Regen    0.6/turn               E - +6 ring of intelligence
MPRegen  0.2/turn               r - ring of poison resistance

@: slowed, drained, very slow
A: reduced essence, fangs 3, talons 1, large bone plates 1, blurry vision 1,
clarity, regeneration 1, magic shield, antimagic bite, no potion heal 3, rot
immunity
a: Recall Ancestor, Ancestor Identity, Transference, Idealise, Renounce
Religion, Evoke Berserk Rage


You were on level 10 of the Dungeon.
You worshipped Hepliaklqana.
Hepliaklqana was greatly pleased with you.
You were hungry.

You visited 2 branches of the dungeon, and saw 11 of its levels.

You collected 569 gold pieces.

Inventory:

Hand Weapons
 a - a +0 long sword (weapon)
Armour
 c - a +0 shield (worn)
 e - a +0 pair of gloves (worn)
 y - a +1 cloak of magic resistance (worn)
 R - the +1 scale mail of Bad Feelings (worn) {MR++ Int+3 Stlth+}
   (You found it on level 10 of the Dungeon)

   It affects your intelligence (+3).
   It affects your resistance to hostile enchantments.
   It makes you more stealthy.
Jewellery
 n - an uncursed ring of resist corrosion
 r - a ring of poison resistance (right hand)
 E - a +6 ring of intelligence (left hand)
 G - an amulet of rage (around neck)
 K - an uncursed ring of protection from fire
 P - an uncursed ring of flight
Wands
 M - a wand of random effects (17/48)
 N - a wand of polymorph (5/24)
Scrolls
 d - a scroll of enchant armour {unknown}
 h - 6 scrolls of teleportation
 i - 3 scrolls of fog
 k - 4 scrolls of remove curse
 o - 2 scrolls of enchant weapon
 q - a scroll of random uselessness {unknown}
 A - a scroll of recharging {unknown}
 B - 2 scrolls of magic mapping
 F - a scroll of fear {unknown}
 I - a scroll of noise {unknown}
 J - 2 scrolls of blinking {unknown}
 L - a scroll of amnesia {unknown}
 O - a scroll of acquirement {unknown}
Potions
 g - 8 potions of curing
 l - 2 potions of degeneration {unknown}
 m - a potion of heal wounds
 p - 3 potions of agility
 s - 3 potions of mutation
 t - 4 potions of ambrosia
 v - 3 potions of flight
 z - 3 potions of brilliance {unknown}
 C - a potion of berserk rage {unknown}
 D - a potion of haste {unknown}
 H - a potion of resistance {unknown}
 Q - a potion of invisibility {unknown}
Comestibles
 f - 5 bread rations
 j - a chunk of flesh
 u - 6 fruits
 w - 6 meat rations
 x - 13 royal jellies


   Skills:
 - Level 10.0(9.4) Fighting
 - Level 10.0(9.4) Long Blades
 - Level 2.6(2.1) Armour
 - Level 2.9(2.4) Shields
 + Level 2.5(2.0) Spellcasting
 + Level 2.4(2.0) Conjurations
 + Level 2.4(1.9) Translocations
 + Level 2.6(2.1) Fire Magic
 + Level 2.3(1.8) Air Magic
 + Level 2.4(1.9) Poison Magic
 - Level 6.0(5.5) Evocations


You had 7 spell levels left.
You knew the following spells:

 Your Spells              Type           Power        Failure   Level  Hunger
a - Blink                 Tloc           N/A          91%         2    ###....
b - Conjure Flame         Conj/Fire      #.......     99%         3    ###....
c - Mephitic Cloud        Conj/Pois/Air  #.......     99%         3    ###....


Dungeon Overview and Level Annotations

Branches:
Dungeon (10/15)            Temple (1/1) D:6            Lair (0/6) D:10
    Orc (0/2) D:9

Altars:
Ashenzari
Cheibriados
Dithmenos
Elyvilon
Fedhas
Gozag
Hepliaklqana
Kikubaaqudgha
Makhleb
Nemelex Xobeh
Okawaru
Qazlal
Ru
Sif Muna
Trog
Uskayaw
Vehumet
Xom
Yredelemnul
Zin
The Shining One

Shops:
D:6 =   D:7 [:   D:9 =

Portals:
Trove: D:10 (give 6 potions of haste)


Innate Abilities, Weirdness & Mutations

You have razor-sharp teeth.
Your natural rate of healing is unusually fast.
When hurt, damage is shared between your health and your magic reserves.
Your bite disrupts and absorbs the magic of your enemies.
Potions cannot restore your health.
You are immune to rotting.
Your life essence is reduced. (-10% HP)
You have sharp toenails.
You are partially covered in large bone plates. (SH +4)
Scrolls take you a little longer to read.
You possess an exceptional clarity of mind.


Message History

Urechis barely misses the wraith.
The orc closely misses Urechis.
Urechis hits the orc but does no damage.
Urechis drains the orc!
You block the wraith's attack. The wraith barely misses you.
Okay, then.
The orc priest hits Urechis with a mace.
Urechis hits the wraith but does no damage.
You block the wraith's attack.
Urechis hits the orc but does no damage.
The orc priest barely misses Urechis.
You block the wraith's attack.
The orc barely misses Urechis.
Urechis closely misses the orc.
The orc priest barely misses Urechis.
The orc hits Urechis with a flail.
You block the wraith's attack. The wraith hits you but does no damage.
The orc priest looks braver for a moment.
Urechis gestures at the wraith while chanting.
The wraith resists with almost no effort.
You block the wraith's attack.
The orc priest calls down the wrath of Beogh upon you.
Beogh smites you!
You die...

#.....#####..# .......
#.........#..##########
#.........#............
##........#............
#........#............
####........#............
#......<....#####........
#................#...##..
#.......@.........#..##..
#.......W....[.....#....#
#.......oW..........#..#.
#........R.......##..##..
#................##..##..
#............o......#..#.
............o....(#....#
....########.....#..##..
###. #....#...##..


You could see the friendly Urechis the hexer, 2 wraiths, an orc priest and 2
orcs.

Vanquished Creatures
  Josephine (D:10)
  3 two-headed ogres (D:8)
  A death yak (D:10)
  Pikel (D:9)
  Maurice (D:8)
  The ghost of polve the Skirmisher, a novice VSFi (D:6)
  A troll (D:9)
  3 hippogriffs
  A wraith (D:10)
  Edmund (D:5)
  Menkaure (D:5)
  A sky beast (D:8)
  2 orc warriors
  3 ice beasts
  A slave (D:9)
  2 ogres
  A phantom (D:4)
  An eye of draining (D:9)
  6 centaurs
  A crocodile (D:10)
  6 bullfrogs
  A wyvern zombie (D:6)
  4 scorpions
  2 howler monkeys (D:6)
  A centaur zombie (D:8)
  8 crimson imps
  A bullfrog zombie (D:5)
  5 jellies
  6 hounds
  An orc priest (D:8)
  2 iguanas (D:8)
  3 orc wizards
  7 worker ants
  A hound zombie (D:7)
  A howler monkey zombie (D:6)
  A worker ant zombie (D:7)
  8 adders
  3 gnolls (D:4)
  A shadow imp (D:9)
  7 oozes
  2 worms (D:2)
  2 dart slugs
  8 leopard geckos
  17 orcs
  5 giant cockroaches
  8 goblins
  4 hobgoblins
  3 jackals (D:1)
  2 quokkas (D:3)
  5 ball pythons
  7 bats
  8 frilled lizards
  8 kobolds
  10 rats
191 creatures vanquished.

Vanquished Creatures (collateral kills)
  A hippogriff (D:8)
  A wraith (D:10)
  An ogre (D:9)
  A crocodile (D:10)
  A bullfrog (D:9)
  A crimson imp (D:9)
  A centaur zombie (D:8)
  2 hounds (D:8)
  A jelly (D:6)
  A bullfrog skeleton (D:6)
  An orc wizard (D:7)
  An iguana (D:9)
  2 worker ants
  A shadow imp (D:6)
  6 orcs
22 creatures vanquished.

Vanquished Creatures (others)
  A slave (D:9)
  A centaur skeleton (D:10)
  A hexer (D:8)
  2 ancestors (D:8)
5 creatures vanquished.

Grand Total: 218 creatures vanquished

Notes
Turn   | Place    | Note
-------+----------+-------------------------------------------
     0 | D:1      | polve the Vine Stalker Fighter began the quest for the Orb.
     0 | D:1      | Reached XP level 1. HP: 11/11 MP: 2/2
   207 | D:1      | Reached XP level 2. HP: 10/16 MP: 3/3
   779 | D:1      | Reached XP level 3. HP: 11/19 MP: 2/4
  1523 | D:2      | Gained mutation: Your natural rate of healing is unusually fast. [Vine Stalker growth]
  1523 | D:2      | Reached XP level 4. HP: 22/23 MP: 3/5
  1819 | D:2      | Found a shadowy altar of Dithmenos.
  2230 | D:3      | Reached XP level 5. HP: 27/27 MP: 6/6
  2276 | D:3      | Noticed a centaur
  2298 | D:3      | Killed a centaur
  2298 | D:3      | Reached skill level 5 in Long Blades
  2455 | D:3      | Noticed an ice beast
  2490 | D:3      | Killed an ice beast
  2490 | D:3      | Reached XP level 6. HP: 19/32 MP: 7/7
  2980 | D:4      | Reached XP level 7. HP: 24/35 MP: 6/8
  3472 | D:5      | Entered Level 5 of the Dungeon
  3591 | D:5      | Found an iron altar of Okawaru.
  3638 | D:5      | Noticed Edmund
  3655 | D:5      | Killed Edmund
  3655 | D:5      | Gained mutation: You have razor-sharp teeth. [Vine Stalker growth]
  3655 | D:5      | Reached XP level 8. HP: 18/39 MP: 4/9
  4073 | D:5      | Noticed Menkaure
  4081 | D:5      | Killed Menkaure
  4344 | D:6      | Found a staircase to the Ecumenical Temple.
  4415 | Temple   | Entered the Ecumenical Temple
  4570 | Temple   | Became a worshipper of Hepliaklqana the Forgotten
  4629 | D:6      | Reached skill level 10 in Long Blades
  4832 | D:6      | Found Duwi's Jewellery Shoppe.
  4883 | D:6      | Reached XP level 9. HP: 39/40 MP: 10/10
  4896 | D:6      | Noticed polve's ghost (novice VSFi)
  4906 | D:6      | Killed polve's ghost
  4906 | D:6      | Reached skill level 5 in Fighting
  5006 | D:7      | Found Cupt's Antique Armour Emporium.
  5063 | D:7      | Reached * piety under Hepliaklqana
  5165 | D:7      | Reached skill level 1 in Evocations
  5199 | D:7      | Found Fikunaze's Book Boutique.
  5284 | D:7      | Found a shadowy altar of Dithmenos.
  5284 | D:7      | Found a hide-covered altar of Uskayaw.
  5640 | D:8      | Noticed Maurice
  5644 | D:8      | Reached ** piety under Hepliaklqana
  5860 | D:8      | Killed Maurice
  5959 | D:8      | Gained mutation: You have sharp toenails. [mutagenic meat]
  5960 | D:8      | Gained mutation: You possess an exceptional clarity of mind. [mutagenic meat]
  5961 | D:8      | Gained mutation: You are partially covered in large bone plates. (SH +4) [mutagenic meat]
  5962 | D:8      | Gained mutation: Scrolls take you a little longer to read. [mutagenic meat]
  5984 | D:8      | Noticed a two-headed ogre
  6114 | D:9      | Remembered your ancestor Urechis as a hexer
  6168 | D:9      | Found a bloodstained altar of Trog.
  6178 | D:9      | Noticed Pikel
  6188 | D:9      | Killed Pikel
  6188 | D:9      | Reached XP level 10. HP: 49/49 MP: 14/14
  6194 | D:9      | Found a staircase to the Orcish Mines.
  6388 | D:9      | Found Wong's Jewellery Emporium.
  6447 | D:8      | Reached skill level 5 in Evocations
  6498 | D:8      | Noticed a two-headed ogre
  6520 | D:8      | Killed a two-headed ogre
  6989 | D:8      | Noticed a two-headed ogre
  6990 | D:8      | Reached *** piety under Hepliaklqana
  6995 | D:8      | Killed a two-headed ogre
  7188 | D:8      | Killed a two-headed ogre
  7188 | D:8      | Reached XP level 11. HP: 31/56 MP: 16/16
  7353 | D:9      | Reached skill level 10 in Fighting
  7371 | D:9      | Learned a level 2 spell: Blink
  7375 | D:9      | Learned a level 3 spell: Conjure Flame
  7379 | D:9      | Learned a level 3 spell: Mephitic Cloud
  7677 | D:9      | Reached skill level 1 in Spellcasting
  7677 | D:9      | Reached skill level 1 in Fire Magic
  7677 | D:9      | Reached skill level 1 in Air Magic
  7706 | D:9      | Reached skill level 1 in Conjurations
  7706 | D:9      | Reached skill level 1 in Translocations
  7706 | D:9      | Reached skill level 1 in Poison Magic
  8024 | D:10     | Entered Level 10 of the Dungeon
  8107 | D:10     | Found a portal to a secret trove of treasure.
  8246 | D:10     | Found a staircase to the Lair.
  8247 | D:10     | Noticed a death yak
  8266 | D:10     | Killed a death yak
  8285 | D:10     | Got a fine scale mail
  8296 | D:10     | Identified the cursed +1 scale mail of Bad Feelings {MR++ Int+3 Stlth+} (You found it on level 10 of the Dungeon)
  8376 | D:10     | Reached **** piety under Hepliaklqana
  8516 | D:10     | Noticed Josephine
  8537 | D:10     | Killed Josephine
  8554 | D:10     | Killed from afar by an orc priest

Skill      XL: |  1  2  3  4  5  6  7  8  9 10 11 |
---------------+----------------------------------+-----
Long Blades    | 2 3 4 5 6 8 10 | 10.0
Fighting       | 3 7 9 10 | 10.0
Evocations     | 4 6 |  6.0
Spellcasting   | 2 |  2.5
Fire Magic     | 2 |  2.6
Air Magic      | 2 |  2.3
Conjurations   | 2 |  2.4
Translocations | 2 |  2.4
Poison Magic   | 2 |  2.4
Armour         | |  2.6
Shields        | |  2.9

Action                   |  1- 3 |  4- 6 |  7- 9 | 10-12 || total
-------------------------+-------+-------+-------+-------++-------
Melee: Long sword        |    97 |   126 |   289 |   235 ||   747
       Bite              |    32 |    42 |   125 |   109 ||   308
       Kick              |       |       |    13 |   113 ||   126
       Unarmed           |       |       |     6 |       ||     6
Invok: Recall Ancestor   |       |       |     1 |       ||     1
       Ancestor Life: He |       |       |     1 |       ||     1
       Ancestor Identity |       |       |     1 |       ||     1
 Abil: Evoke Berserk Rag |       |       |       |     1 ||     1
  Use: Scroll            |       |       |     1 |    10 ||    11
       Potion            |       |       |     1 |     1 ||     2
 Stab: Distracted        |       |       |     2 |     3 ||     5
       Confused          |       |       |       |     1 ||     1
  Eat: Chunk             |     2 |     5 |    15 |     8 ||    30
Armor: Scale mail        |    68 |    42 |    89 |    66 ||   265
Dodge: Dodged            |    47 |    41 |    49 |    42 ||   179
Block: Shield            |    81 |    63 |    86 |   173 ||   403
       Rpst.: Long sword |    15 |    13 |    15 |    13 ||    56
